 Dungeon Crawl Stone Soup version 0.19.5 (webtiles) character file.

102 Inarius the Shield-Bearer (level 4, 0/40 HPs)
             Began as a Minotaur Fighter on May 11, 2017.
             Slain by Yhamm's ghost (10 damage)
             ... on level 3 of the Dungeon.
             The game lasted 00:03:04 (1709 turns).

Inarius the Shield-Bearer (Minotaur Fighter)        Turns: 1709, Time: 00:03:05

Health: 0/40       AC:  9    Str: 20    XL:     4   Next: 50%
Magic:  3/3        EV:  5    Int:  5    God:
Gold:   180        SH:  9    Dex: 11    Spells: 0 memorised, 3 levels left

rFire  . . .     SeeInvis .     a - +0 war axe
rCold  . . .     Gourm    .     y - +0 chain mail
rNeg   . . .     Faith    .     c - +0 shield
rPois  +         Spirit   .     (helmet restricted)
rElec  .         Reflect  .     (no cloak)
rCorr  .         Harm     .     (no gloves)
MR     .....                    (no boots)
Stlth  ..........               n - amulet of rage
                                (no ring)
                                p - ring of poison resistance (curse)

@: no status effects
A: retaliatory headbutt, horns 2
a: Evoke Berserk Rage


You were on level 3 of the Dungeon.
You were not hungry.

You visited 1 branch of the dungeon, and saw 3 of its levels.

You collected 180 gold pieces.

Inventory:

Hand Weapons
 a - a +0 war axe (weapon)
Armour
 c - a +0 shield (worn)
 y - a +0 chain mail (worn)
Jewellery
 n - an amulet of rage (around neck)
 p - a cursed ring of poison resistance (left hand)
Wands
 q - a wand of digging (11/24)
 B - a wand of hasting (1/9)
Scrolls
 e - 3 scrolls of identify {unknown}
 i - 3 scrolls of remove curse {unknown}
 k - a scroll of magic mapping {unknown}
 t - a scroll of enchant armour {unknown}
 u - a scroll of amnesia {unknown}
 x - a scroll of recharging {unknown}
 A - a scroll of fear {unknown}
Potions
 b - a potion of curing {unknown}
 d - 2 potions of might
 g - a potion of lignification {unknown}
 l - 2 potions of ambrosia {unknown}
 m - a potion of agility {unknown}
 o - a potion of cancellation {unknown}
 s - 2 potions of cure mutation {unknown}
 v - a potion of flight {unknown}
 w - 3 potions of heal wounds {unknown}
 z - a potion of berserk rage {unknown}
 C - a potion of beneficial mutation {unknown}
Comestibles
 f - 3 bread rations
 h - 8 fruits
 j - 2 meat rations
 r - 9 chunks of flesh


   Skills:
 + Level 4.1 Fighting
 + Level 4.2 Axes
 + Level 4.2 Armour
 + Level 0.9 Dodging
 + Level 4.3 Shields


You had 3 spell levels left.
You didn't know any spells.

Dungeon Overview and Level Annotations

Branches:
Dungeon (3/15)

Altars:

Annotations:
D:3 Yhamm's ghost, amateur GrFi


Innate Abilities, Weirdness & Mutations

You reflexively headbutt those who attack you in melee.
You have a pair of horns on your head.


Message History

You kill the quokka!
Your shield and chain mail prevent you from hitting Yhamm's ghost.
Yhamm's ghost hits you.
You hit Yhamm's ghost but do no damage. Yhamm's ghost hits you.
Yhamm's ghost is nearby!
Your shield and chain mail prevent you from hitting Yhamm's ghost.
Your headbutt misses Yhamm's ghost.
Yhamm's ghost hits you but does no damage.
Yhamm's ghost hits you!
Yhamm's ghost is nearby!
You hit Yhamm's ghost.
You headbutt Yhamm's ghost, but do no damage.
Yhamm's ghost is lightly damaged.
Yhamm's ghost hits you!
* * * LOW HITPOINT WARNING * * *
You hit Yhamm's ghost but do no damage.
You headbutt Yhamm's ghost, but do no damage.
Yhamm's ghost is lightly damaged.
Yhamm's ghost hits you!
You die...

.#.#.#.#.#.#)#.#)#.#.#.#
.#.#.#.#.#.#.#.#>#.#.##
.#.#.#.#.#.#.#.#.#.#.#
.#.#.#.#.#.#.#.#.#.##
.#.#.#.#.#.#.#)^...#
+#.#.#.#.#.#.#...##
....#.#.#.#.#+...+
...##W####.###...# #@#
#.# #...# #†.# # # #...#
##.# ###...##### ..
#.......... #.#
#.......... .#
#.......... ..
####......# #.# #[.....#
#......#


You could see Yhamm's ghost.

Vanquished Creatures
  Ijyb (D:3)
  An adder (D:3)
  An ooze (D:1)
  A leopard gecko (D:1)
  3 giant cockroaches
  7 goblins
  9 hobgoblins
  8 jackals
  3 quokkas (D:3)
  A ball python (D:1)
  A bat (D:1)
  7 frilled lizards
  9 kobolds
  5 rats
57 creatures vanquished.

Notes
Turn   | Place    | Note
-------+----------+-------------------------------------------
     0 | D:1      | Inarius the Minotaur Fighter began the quest for the Orb.
     0 | D:1      | Reached XP level 1. HP: 19/19 MP: 0/0
   241 | D:1      | Reached XP level 2. HP: 27/27 MP: 1/1
   719 | D:1      | Reached XP level 3. HP: 33/33 MP: 2/2
   827 | D:2      | Found a faded altar of an unknown god.
  1543 | D:3      | Noticed Ijyb
  1555 | D:3      | Killed Ijyb
  1555 | D:3      | Reached XP level 4. HP: 38/40 MP: 3/3
  1704 | D:3      | Noticed Yhamm's ghost (amateur GrFi)
  1709 | D:3      | Slain by Yhamm's ghost

Skill      XL: |  1  2  3 |
---------------+----------+-----
Shields        | 4 |  4.3
Axes           | 3 4 |  4.2
Armour         | 4 |  4.2
Fighting       | 4 |  4.1
Dodging        | |  0.9

Action                   |  1- 3 |  4- 6 || total
-------------------------+-------+-------++-------
Melee: War axe           |    81 |    31 ||   112
       Headbutt          |    13 |     8 ||    21
  Eat: Chunk             |     2 |     1 ||     3
Armor: Scale mail        |    22 |       ||    22
       Chain mail        |    17 |    12 ||    29
       Ring mail         |     2 |       ||     2
Dodge: Dodged            |    24 |     5 ||    29
Block: Shield            |    40 |    21 ||    61
